 Dungeon Crawl Stone Soup version 0.25.1-2-g60ff931df9 (webtiles) character file.

Game seed: 10693023759389516308

46 Martska the Skirmisher (level 3, -2/34 HPs)
             Began as a Naga Warper on Oct 12, 2020.
             Slain by Natasha (9 damage)
             ... on level 2 of the Dungeon.
             The game lasted 00:02:26 (1891 turns).

Martska the Skirmisher (Naga Warper)                Turns: 1891, Time: 00:02:27

Health: -2/34      AC:  3    Str: 14    XL:     3   Next: 68%
Magic:  6/6        EV:  9    Int: 13    God:
Gold:   106        SH:  0    Dex: 10    Spells: 6/6 levels left

rFire    . . .     SeeInvis +   a - +0 spear
rCold    . . .     Gourm    .   (no shield)
rNeg     . . .     Faith    .   b - +0 leather armour
rPois    +         Spirit   .   (no helmet)
rElec    .         Reflect  .   j - +0 cloak
rCorr    .         Harm     .   (no gloves)
MR       .....                  (no barding)
Stlth    +.........             (no amulet)
HPRegen  0.11/turn              (no ring)
MPRegen  0.10/turn              (no ring)

@: short of breath, very slightly contaminated, very slow
A: large, see invisible, deformed body, poison resistance, slowness 2, slow
metabolism 1, spit poison 1, AC +1
a: Spit Poison


You were on level 2 of the Dungeon.
You were not hungry.

You visited 1 branch of the dungeon, and saw 2 of its levels.

You collected 106 gold pieces.

Inventory:

Hand Weapons
 a - a +0 spear (weapon)
Missiles
 e - 5 boomerangs of dispersal (quivered)
Armour
 b - a +0 leather armour (worn)
 j - a +0 cloak (worn)
Scrolls
 c - a scroll of fog {unknown}
 h - a scroll of remove curse {unknown}
 i - 2 scrolls of teleportation {unknown}
 k - a scroll of magic mapping {unknown}
Comestibles
 f - 2 rations
 l - 4 chunks of flesh


   Skills:
 * Level 3.1 Fighting
 * Level 3.1 Polearms
 - Level 0.8 Throwing
 - Level 0.7 Armour
 - Level 1.5 Dodging
 - Level 2.0 Spellcasting
   Level 3.0 Translocations


You had 6 spell levels left.
You didn't know any spells.
Your spell library contained the following spells:

 Spells                   Type           Power        Failure   Level  Hunger
 Blink                    Tloc           N/A          14%         2    ###....
 Shroud of Golubria       Chrm/Tloc      #.....       26%         2    ###....
 Gell's Gravitas          Tloc           #.........   28%         3    ####...
 Lesser Beckoning         Tloc           #.........   28%         3    ####...
 Teleport Other           Tloc           #.......     28%         3    ####...
 Passage of Golubria      Tloc           N/A          67%         4    #####..


Dungeon Overview and Level Annotations

Branches:
Dungeon (2/15)

Altars:
Gozag

Annotations:
D:2 Natasha


Innate Abilities, Weirdness & Mutations

You cannot wear boots.
Your serpentine skin is tough. (AC +1)
You have supernaturally acute eyesight. (SInv)
Armour fits poorly on your strangely shaped body.
Your system is resistant to poisons. (rPois)
You cover ground very slowly.
You have a slow metabolism.
You can spit poison.


Message History

Natasha is moderately wounded.
Natasha barely misses you.
It was a potion of curing.
You feel better. Natasha claws you but does no damage.
You hit Natasha but do no damage.
Natasha is moderately wounded.
You have got your breath back.
Natasha is no longer unusually resistant.
Natasha barely misses you. Natasha claws you.
* * * LOW HITPOINT WARNING * * *
You see here a jackal skeleton.
You miss Natasha.
Natasha is moderately wounded.
Press: ? - help, Shift-Dir - straight line, f/p - Natasha
Aim: Natasha (moderately wounded)
The splash of poison hits Natasha.
Natasha is heavily wounded.
You feel slightly more hungry. Natasha claws you!
You die...

#.......).. #..........
#.......... #####
#..........
#######...###..........
##......................
#..........#############
..####.#### # #@#
####### #'#####h#
....... .......g#
....... ........#
g...... ........#
.......
........#######.......
............hg†5......
..#############.......
## .......


You could see Natasha and a hobgoblin.

Vanquished Creatures
  An ooze (D:1)
  A worm (D:2)
  3 dart slugs
  2 leopard geckos (D:1)
  3 bats (D:1)
  2 giant cockroaches
  4 goblins (D:1)
  2 hobgoblins
  2 jackals (D:2)
  A quokka (D:2)
  A ball python (D:1)
  A frilled lizard (D:1)
  4 kobolds
  4 rats (D:1)
31 creatures vanquished.

Vanquished Creatures (others)
  A kobold (D:1)
1 creature vanquished.

Grand Total: 32 creatures vanquished

Notes
Turn   | Place    | Note
-------+----------+-------------------------------------------
     0 | D:1      | Martska the Naga Warper began the quest for the Orb.
     0 | D:1      | Reached XP level 1. HP: 19/19 MP: 3/3
   388 | D:1      | Reached XP level 2. HP: 18/27 MP: 5/5
   849 | D:1      | Reached XP level 3. HP: 23/33 MP: 6/6
   957 | D:1      | Found an opulent altar of Gozag.
  1861 | D:2      | Noticed Natasha
  1891 | D:2      | Slain by Natasha

Illustrated notes

Levels and vault maps discovered:
D:1:      shiori_arrival_oz, layout_loops_ring, minmay_hexomino_r4
D:2:      layout_basic, uniq_natasha

Skill      XL: |  1  2  3 |
---------------+----------+-----
Fighting       | 3 |  3.1
Polearms       | 3 |  3.1
Throwing       | |  0.8
Armour         | |  0.7
Dodging        | |  1.5
Spellcasting   | |  2.0
Translocations | |  3.0

Action                   || total
-------------------------++-------
Melee: Spear             ||   137
 Abil: Spit Poison       ||    10
  Use: Scroll            ||     1
       Potion            ||     1
  Eat: Chunk             ||     2
Armor: Leather armour    ||    14
Dodge: Dodged            ||    64
